 Dungeon Crawl Stone Soup version 0.21.1 (webtiles) character file.

1318 letownia2 the Magician (level 8, 42/46 HPs)
             Began as a Gargoyle Wizard on Feb 3, 2018.
             Quit the game on level 6 of the Dungeon.
             The game lasted 00:08:37 (3684 turns).

letownia2 the Magician (Gargoyle Wizard)            Turns: 3684, Time: 00:08:38

Health: 42/46      AC:  8    Str: 12    XL:     8   Next: 59%
Magic:  1/17       EV: 11    Int: 20    God:
Gold:   124        SH:  0    Dex:  8    Spells: 8/19 levels left

rFire    . . .     SeeInvis .   B - +1 flail (crush)
rCold    . . .     Gourm    .   (no shield)
rNeg     + . .     Faith    .   w - +0 leather armour
rPois    ∞         Spirit   .   b - +0 hat
rElec    +         Reflect  .   (no cloak)
rCorr    .         Harm     .   (no gloves)
MR       .....                  (no boots)
Stlth    +.........             (no amulet)
HPRegen  0.15/turn              (no ring)
MPRegen  0.15/turn              (no ring)

@: very slightly contaminated
A: negative energy resistance 1, electricity resistance, unbreathing,
petrification resistance, rot immunity, AC +5
a: no special abilities


You were on level 6 of the Dungeon.
You were hungry.

You visited 1 branch of the dungeon, and saw 6 of its levels.

You collected 124 gold pieces.

Inventory:

Hand Weapons
 e - a +0 dagger
 B - a +1 flail of crushing (weapon)
Missiles
 j - 20 bolts
Armour
 a - a +0 robe
 b - a +0 hat (worn)
 u - a +0 ring mail
 w - a +0 leather armour (worn)
Magical Staves
 s - an uncursed staff of air {unknown}
Wands
 m - a wand of acid (10)
 r - a wand of disintegration (11)
Scrolls
 f - 2 scrolls of identify {unknown}
 h - a scroll of enchant weapon {unknown}
 i - 2 scrolls of remove curse {unknown}
 n - 2 scrolls of fear {unknown}
 q - a scroll of immolation {unknown}
 y - a scroll of amnesia {unknown}
 z - a scroll of teleportation {unknown}
Potions
 g - a potion of ambrosia {unknown}
 k - 2 potions of lignification {unknown}
 l - a potion of flight {unknown}
 o - 2 potions of curing {unknown}
 t - a potion of brilliance {unknown}
 x - a potion of invisibility {unknown}
 A - a potion of resistance {unknown}
Books
 c - a book of Minor Magic

   Spells                             Type                      Level
   a - Magic Dart                     Conjuration                  1
   b - Blink                          Translocation                2
   c - Call Imp                       Summoning                    2
   d - Slow                           Hexes                        2
   e - Conjure Flame                  Conjuration/Fire             3
   f - Mephitic Cloud                 Conjuration/Poison/Air       3
 p - a book of Air

   Spells                             Type                      Level
   a - Shock                          Conjuration/Air              1
   b - Swiftness                      Charms/Air                   2
   c - Static Discharge               Conjuration/Air              3
   d - Airstrike                      Air                          4
   e - Lightning Bolt                 Conjuration/Air              5
Comestibles
 d - 7 rations


   Skills:
 - Level 3.4 Fighting
 - Level 1.5 Dodging
 - Level 2.1 Stealth
 + Level 6.1 Spellcasting
 + Level 5.9 Conjurations
   Level 0.8 Summonings
 - Level 2.4 Translocations
 - Level 2.0 Fire Magic
 - Level 2.1 Air Magic
 - Level 2.0 Poison Magic


You had 8 spell levels left.
You knew the following spells:

 Your Spells              Type           Power        Failure   Level  Hunger
a - Magic Dart            Conj           ####         1%          1    None
b - Blink                 Tloc           N/A          7%          2    None
c - Conjure Flame         Conj/Fire      ###.....     8%          3    ##.....
e - Mephitic Cloud        Conj/Pois/Air  ###.....     10%         3    ##.....
s - Swiftness             Chrm/Air       ##......     13%         2    None


Dungeon Overview and Level Annotations

Branches:
Dungeon (6/15)
 Temple: D:4-7

Altars:

Annotations:
D:5 Edmund


Innate Abilities, Weirdness & Mutations

You are resistant to torment.
Your stone body is resilient. (AC +5)
You are immune to poison.
You resist negative energy. (rN+)
You are resistant to electric shocks. (rElec)
You can survive without breathing.
You are immune to petrification.
You are immune to rotting.


Message History

Casting: Conjure Flame
Confirm with . or Enter, or press ? or * to list all spells.
Aiming: Mephitic Cloud
Press: ? - help, Shift-Dir - straight line, f/p - two-headed ogre
Aim: a two-headed ogre, wielding a giant club and an enchanted dire flail (almost dead)
The ball explodes into a vile cloud!
The stinking cloud engulfs the two-headed ogre.
The two-headed ogre is almost dead.
You are feeling hungry.
The two-headed ogre is engulfed in noxious fumes.
Unknown command.
You barely miss the two-headed ogre.
The two-headed ogre is almost dead.
The two-headed ogre is engulfed in blazing flames.
You kill the two-headed ogre!
Your Spellcasting skill gained 2 levels and is now at level 6!
Your Conjurations skill gained 2 levels and is now at level 5!
You have reached level 8!
You feel clever.
You aren't carrying any pieces of jewellery.
Are you sure you want to abandon this character and quit the game? (Confirm with "yes".)

#.#.)# #.# #.
#.#..# #.# #.
#>#..# ..# #.
#.#..# #.. ..
#)#..# ### ##
#)#... #.#.. ..
#)#[# .#.# #@#).
.$.. #§#.# $..#
#§#.# #..# #.#.#
##..#
#.#.###...#
#.........####.#
###.O.......?..#
#####...#####
###...###


There were no monsters in sight!

Vanquished Creatures
  A two-headed ogre (D:6)
  A sky beast (D:6)
  2 ogres
  A howler monkey (D:5)
  A centaur zombie (D:5)
  A jelly (D:5)
  An orc priest (D:6)
  A centaur skeleton (D:5)
  4 iguanas
  4 worker ants
  A hound skeleton (D:6)
  5 adders
  A shadow imp (D:6)
  An adder skeleton (D:5)
  A worm (D:4)
  2 leopard geckos
  6 orcs
  3 giant cockroaches
  A hobgoblin (D:3)
  2 jackals (D:4)
  3 kobolds
  A quokka (D:4)
  A ball python (D:5)
  A jackal skeleton (D:6)
  2 rats (D:1)
48 creatures vanquished.

Notes
Turn   | Place    | Note
-------+----------+-------------------------------------------
     0 | D:1      | letownia2 the Gargoyle Wizard began the quest for the Orb.
     0 | D:1      | Reached XP level 1. HP: 10/10 MP: 4/4
   148 | D:2      | Reached XP level 2. HP: 15/15 MP: 0/6
   582 | D:4      | Reached XP level 3. HP: 19/19 MP: 3/7
   628 | D:4      | Learned a level 3 spell: Mephitic Cloud
   632 | D:4      | Learned a level 3 spell: Conjure Flame
  1074 | D:4      | Reached skill level 1 in Fire Magic
  1074 | D:4      | Reached skill level 1 in Poison Magic
  1074 | D:4      | Reached XP level 4. HP: 24/24 MP: 1/8
  1162 | D:4      | Noticed an ogre
  1172 | D:4      | Reached skill level 1 in Air Magic
  1276 | D:4      | Killed an ogre
  1276 | D:4      | Reached XP level 5. HP: 28/28 MP: 0/9
  1348 | D:4      | Learned a level 2 spell: Blink
  1398 | D:4      | Reached skill level 1 in Translocations
  1858 | D:4      | Reached XP level 6. HP: 24/32 MP: 0/10
  2071 | D:5      | Entered Level 5 of the Dungeon
  2148 | D:5      | Noticed Edmund
  2149 | D:5      | Reached skill level 1 in Fighting
  2346 | D:5      | Reached XP level 7. HP: 39/40 MP: 9/12
  2416 | D:5      | Reached skill level 4 in Spellcasting
  2456 | D:5      | Learned a level 2 spell: Swiftness
  3649 | D:6      | Noticed a two-headed ogre
  3683 | D:6      | Killed a two-headed ogre
  3683 | D:6      | Reached skill level 6 in Spellcasting
  3683 | D:6      | Reached skill level 5 in Conjurations
  3683 | D:6      | Reached XP level 8. HP: 42/46 MP: 1/17
  3684 | D:6      | Quit the game

Skill      XL: |  1  2  3  4  5  6  7 |
---------------+----------------------+-----
Conjurations   | 2 3 5 |  5.9
Fire Magic     | 1 2 |  2.0
Poison Magic   | 1 2 |  2.0
Air Magic      | 1 2 |  2.1
Translocations | 1 2 |  2.4
Fighting       | 2 3 |  3.4
Spellcasting   | 6 |  6.1
Dodging        | |  1.5
Stealth        | |  2.1
Summonings     | |  0.8

Action                   |  1- 3 |  4- 6 |  7- 9 || total
-------------------------+-------+-------+-------++-------
Melee: Dagger            |    26 |    76 |   108 ||   210
       Flail             |       |       |    13 ||    13
 Cast: Magic Dart        |    34 |    46 |    38 ||   118
       Mephitic Cloud    |     1 |     7 |    10 ||    18
       Conjure Flame     |       |     1 |     6 ||     7
Evoke: Wand              |       |       |     5 ||     5
 Stab: Confused          |     1 |     4 |     1 ||     6
  Eat: Chunk             |       |     5 |     6 ||    11
Armor: Robe              |    14 |     8 |       ||    22
       Leather armour    |       |     6 |    56 ||    62
Dodge: Dodged            |    11 |    32 |    72 ||   115
